[Event "*** Titled Tuesday Blitz"]
[Site "Chess.com"]
[Date "2019.04.02"]
[Round "6"]
[White "2165149677570"]
[Black "Aemulus20"]
[Result "0-1"]
[WhiteElo "2370"]
[BlackElo "2507"]
[TimeControl "180+2"]
[EndTime "15:20:49 PDT"]
[Termination "Aemulus20 won by resignation"]

1. d4 Nf6 2. c4 e6 3. Nf3 Bb4+ 4. Bd2 Qe7 5. g3 Nc6 6. Bg2 Bxd2+ 7. Qxd2 Ne4 8. Qc2 Qb4+ 9. Nc3 Nxc3 10. Qxc3 Qxc3+ 11. bxc3 d6 12. e4 Na5 13. Nd2 e5 14. f4 f6 15. O-O Be6 16. d5 Bg4 17. c5 dxc5 18. fxe5 fxe5 19. h3 Bh5 20. Rf5 Bg6 21. Rxe5+ Kd7 22.
h4 Rae8 23. Bh3+ Kd6 24. Re6+ Rxe6 25. Bxe6 c6 26. c4 Ke5 27. Re1 b6 28. Nf3+ Kf6 29.
e5+ Ke7 30. Ng5 Nxc4 31. d6+ Nxd6 32. exd6+ Kxd6 33. Rd1+ Ke5 34. Rd7 h6 35. Rxg7 hxg5 36. Rxg6 gxh4 37. g4 Kf4 38. Kh2 Rd8 39. Rf6+ Ke5 40.
Rh6 Rd6 41. Rh5+ Kxe6 42. Rxh4 Rd3 43. Rh7 a5 44. Rh6+ Kd5 45. g5 Rd2+ 46. Kg3 Rxa2 47. g6 Ra1 48. Rh2 Rg1+ 0-1

[Event "*** Titled Tuesday Blitz"]
[Site "Chess.com"]
[Date "2019.04.02"]
[Round "6"]
[White "santosalberto1987"]
[Black "SavelijTartakover"]
[Result "0-1"]
[WhiteElo "2418"]
[BlackElo "2617"]
[TimeControl "180+2"]
[EndTime "15:20:53 PDT"]
[Termination "SavelijTartakover won by resignation"]

1. e4 e6 2. d4 d5 3. Nc3 Bb4 4.
e5 c5 5. a3 Bxc3+ 6. bxc3 Qa5 7. Bd2 Qa4 8. Nf3 b6 9. dxc5 bxc5 10. Bd3 Ba6 11. O-O Ne7 12. Re1 Nd7 13. Ng5 Bxd3 14. cxd3 Qxd1 15. Raxd1 Rb8 16. Rb1 O-O 17. f4 Rb6 18.
Rxb6 axb6 19. Rb1 Ra8 20. Bc1 Nc6 21. Nf3 Ra6 22. Kf2 Kf8 23. Ke3 Ke7 24. Nd2 f6 25. exf6+ Nxf6 26. Nf3 d4+ 27. cxd4 Nd5+ 28. Kd2 cxd4 29.
g3 Nc3 30. Rb3 Na4 31. Bb2 Nxb2 32. Rxb2 Kd6 33. Rb3 h6 34. Kc2 Kc5 35. Kb2 b5 36. Ne5 Nxe5 37. fxe5 h5 38. Ka2 Ra5 39. Rb1 Kd5 40. Kb3 Kxe5 41. Re1+ Kd5 42. Rf1 Ra7 43. Kb4 e5 44. Rf5 g6 45. Rf6 e4 46. dxe4+ Kxe4 47. Rxg6 Rd7 48. Re6+ Kf3 49. Kxb5 d3 50. Re1 d2 51.
Rd1 Ke2 52. Rxd2+ Rxd2 53. h3 Kf3 54. g4 h4 55. a4 Kg3 56. a5 Kxh3 57. g5 Rd5+ 58. Kb6 Rxg5 0-1

[Event "*** Titled Tuesday Blitz"]
[Site "Chess.com"]
[Date "2019.04.02"]
[Round "6"]
[White "NemtsevIgor"]
[Black "You_are_not_free"]
[Result "0-1"]
[WhiteElo "2314"]
[BlackElo "2344"]
[TimeControl "180+2"]
[EndTime "15:20:54 PDT"]
[Termination "You_are_not_free won by resignation"]

1. d4 Nf6 2. Bf4 d5 3. e3 c5 4. c3 Qb6 5. Qb3 c4 6. Qc2 g6 7. Nd2 Bf5 8. Qc1 Bg7 9. Ngf3 O-O 10.
Be2 Nc6 11. O-O Nh5 12. Bg5 h6 13. Bh4 g5 14. Ne1 Nf6 15. Bg3 Rae8 16. Nef3 Nd7 17. e4 Bxe4 18. Nxe4 dxe4 19. Nd2 f5 20. Nxc4 Qd8 21. f4 g4 22. h3 h5 23. hxg4 hxg4 24. Ne3 Qb6 25. Nc4 Qc7 26. Bh4 Nf6 27. Ne5 Bh6 28. Bg5 Kg7 29. Bxh6+ Kxh6 30. Kf2 Kg7 31. Rh1 Rh8 32. Nxc6 bxc6 33. Bc4 Rxh1 34. Qxh1 Qxf4+ 35. Ke2 Rh8 36. Qf1 Nh5 37. Qxf4 Nxf4+ 38. Kf2 Kf6 39. Kg3 Kg5 40. Rf1 Nh5+ 41. Kf2 f4 42. d5 e3+ 43. Ke1 Ng3 44. Rg1 cxd5 45. Bxd5 Rd8 46. c4 e2 47. Kf2 e6 48. Bxe6 Rd1 49. Re1 f3 50. gxf3 gxf3 51. Bd5 Nh1+ 52. Kxf3 Rxe1 53.
c5 Ng3 54. Kxg3 Rg1+ 55. Kf2 e1=Q+ 0-1

[Event "*** Titled Tuesday Blitz"]
[Site "Chess.com"]
[Date "2019.04.02"]
[Round "6"]
[White "SF-96"]
[Black "kingofthenil"]
[Result "1-0"]
[WhiteElo "2551"]
[BlackElo "2418"]
[TimeControl "180+2"]
[EndTime "15:21:00 PDT"]
[Termination "SF-96 won by checkmate"]

1. e4 e6 2. d4 d5 3. Nd2 c5 4.
Ngf3 Nc6 5. exd5 exd5 6. Bb5 Qe7+ 7. Qe2 Qxe2+ 8. Kxe2 a6 9. Bxc6+ bxc6 10. dxc5 Bxc5 11. Nb3 Bd6 12. Be3 a5 13. Bc5 Kd7 14. Bd4 f6 15.
a4 Ne7 16. Bb6 Bc7 17. Nc5+ Kd6 18. Bxc7+ Kxc7 19. c3 Kd6 20. b4 Bg4 21. Nb7+ Kc7 22. Nxa5 Ng6 23. Kd2 Nf4 24. Nd4 Bd7 25. g3 Nh3 26. Rhe1 Nxf2 27. Re7 Ne4+ 28. Kc2 c5 29. Nb5+ Kd8 30. Rxg7 Rb8 31. Rd1 d4 32. bxc5 Nxc5 33. Rxd4 Ke8 34. Nc7+ Kd8 35. Ne6+ Nxe6 36. Rdxd7+ Kc8 37. Nc6 Nxg7 38. Rxg7 Rb6 39. Ne7+ Kb8 40. Nd5 Rd6 41. c4 Rc8 42. Kb3 h5 43. a5 Rc5 44.
Kb4 Rdc6 45. Nb6 Rf5 46. Re7 Rf2 47. Kb5 Rc7 48. Re8+ Ka7 49. Ra8+ Kb7 50. a6# 1-0

[Event "*** Titled Tuesday Blitz"]
[Site "Chess.com"]
[Date "2019.04.02"]
[Round "6"]
[White "Korchmar_Vasiliy"]
[Black "FairChess_on_YouTube"]
[Result "1-0"]
[WhiteElo "2789"]
[BlackElo "3042"]
[TimeControl "180+2"]
[EndTime "15:21:02 PDT"]
[Termination "Korchmar_Vasiliy won by resignation"]

1. d4 Nf6 2. c4 e6 3. g3 d5 4. Bg2 c6 5. Nf3 Be7 6. Nbd2 O-O 7. O-O Nbd7 8. Qc2 b6 9. e4 dxe4 10.
Nxe4 Bb7 11. Rd1 Nxe4 12. Qxe4 Nf6 13. Qe2 Qc8 14. Bf4 Re8 15. Be5 c5 16. dxc5 Qxc5 17. Rac1 Rad8 18. h3 h6 19. b3 Qc6 20. Nh4 Qc8 21.
Nf3 Qa8 22. Bc7 Rc8 23. Be5 Red8 24. Rxd8+ Rxd8 25. Rd1 Rxd1+ 26. Qxd1 a5 27. Ne1 Bxg2 28. Nxg2 Ne4 29. Qf3 Bc5 30. Ne3 f5 31. Kg2 Qd8 32.
g4 Ng5 33. Qc6 Bxe3 34. fxe3 Qd2+ 35. Kf1 Ne4 36. Qxe6+ Kf8 37. Qxf5+ Nf6 38. Bxf6 gxf6 39. Qxf6+ Ke8 40. Qe6+ Kf8 41. Qxh6+ Kf7 42. Qf4+ Ke6 43. Qf5+ Ke7 44. Qe5+ Kf8 45. Qf6+ Kg8 46. Qf2 Qd1+ 47.
Kg2 a4 48. bxa4 Qxa4 49. Qe2 Qc6+ 50. Kh2 Qe4 51. Kg3 Kg7 52. Qb2+ Kh7 53. Qxb6 Qxc4 54. Qb7+ Kg6 55. Qb6+ Kh7 56. Qa7+ Kg8 57. a4 Qf1 58. Qb8+ Kg7 59. Qe5+ Kh7 60. Qf5+ 1-0

[Event "*** Titled Tuesday Blitz"]
[Site "Chess.com"]
[Date "2019.04.02"]
[Round "6"]
[White "Vegan4future"]
[Black "Margency"]
[Result "0-1"]
[WhiteElo "2498"]
[BlackElo "2702"]
[TimeControl "180+2"]
[EndTime "15:21:04 PDT"]
[Termination "Margency won by checkmate"]

1. Nc3 d5 2. e4 d4 3. Nce2 c5 4. Ng3 Nc6 5. Nf3 g6 6. Bc4 Bg7 7. O-O Nf6 8. d3 O-O 9. Bg5 Bg4 10. Bb3 Ne5 11. Bf4 Nfd7 12. c4 e6 13. Qe2 Qf6 14. Bxe5 Nxe5 15. Bd1 Bxf3 16. gxf3 Bh6 17. Kg2 Rab8 18. a4 b6 19. Rh1 Qh4 20. Qc2 a6 21. Be2 f5 22. Rhb1 a5 23. h3 Rb7 24. Rh1 Bf4 25.
Rag1 Kh8 26. Kf1 Nf7 27. Ke1 Ng5 28. Rg2 Rbf7 29. Qd1 Rf6 30. Rgg1 Bc7 31. Rg2 fxe4 32. Nxe4 Nxf3+ 33. Bxf3 Rxf3 34. Kd2 R8f4 35. Qe2 Qh5 36. Kc1 Qf5 37. Kb1 Rxd3 38. Qxd3 Rxe4 39. Ka2 Rf4 40. Qb3 e5 41. Qb5 e4 42. h4 Rxf2 43. Rxf2 Qxf2 44. Qe8+ Kg7 45. Qxe4 Qf7 46. Qe2 h5 47.
Rf1 Qd7 48. Qd3 Qxa4+ 49. Kb1 Qd7 50. Rg1 Qe6 51. Ka2 b5 52. b3 bxc4 53. bxc4 Bd8 54. Ka3 Bxh4 55. Ka4 Qc6+ 56. Ka3 a4 57. Rf1 Bf6 58.
Qg3 Qb6 59. Rg1 Qb4+ 60. Ka2 Qxc4+ 61. Ka3 Qc2 62. Rg2 Qb1 63. Kxa4 Qb4# 0-1

[Event "*** Titled Tuesday Blitz"]
[Site "Chess.com"]
[Date "2019.04.02"]
[Round "6"]
[White "moro182"]
[Black "Annawel"]
[Result "1/2-1/2"]
[WhiteElo "2774"]
[BlackElo "2889"]
[TimeControl "180+2"]
[EndTime "15:21:09 PDT"]
[Termination "Game drawn by repetition"]

1. d4 Nf6 2. c4 g6 3. g3 Bg7 4. Bg2 O-O 5. Nc3 d6 6. Nf3 Nc6 7. O-O e5 8. dxe5 dxe5 9. Bg5 Be6 10. Nd2 Qc8 11. Bxf6 Bxf6 12. Nde4 Bg7 13. Nd5 Rd8 14. Qa4 Kh8 15. Rfd1 Nd4 16. e3 c6 17. Ndc3 Nf5 18.
Ng5 Rxd1+ 19. Rxd1 Qe8 20. Nxe6 Qxe6 21. Bh3 Qe7 22.
Bxf5 gxf5 23. Qc2 e4 24. Ne2 Rd8 25. b3 Be5 26. Rd2 Kg7 27. Qd1 Rxd2 28. Qxd2 Qd6 29.
Qxd6 Bxd6 30. Kf1 Kf6 31. Ke1 Bb4+ 32. Kd1 Ke5 33. Nf4 a5 34. Nh3 h6 35. Nf4 Be7 36.
Ne2 Bb4 37. Nd4 Bc5 38. Nc2 Kf6 39. Ne1 Kg5 40. h3 Kf6 41. Ke2 Ke5 42. f4+ Ke6 43.
Nc2 h5 44. Kd2 Bb4+ 45. Ke2 Bc3 46. Kd1 Kf6 47. Ke2 Ke6 48. Nd4+ Kf6 49. Nc2 Ke6 50.
Nd4+ Kf6 51. Nc2 Kg6 52. Nd4 Bb4 53. Nc2 Bc3 54. Nd4 Kf6 55. Nc2 1/2-1/2

[Event "*** Titled Tuesday Blitz"]
[Site "Chess.com"]
[Date "2019.04.02"]
[Round "6"]
[White "Alexander_Donchenko"]
[Black "Gabix_94"]
[Result "0-1"]
[WhiteElo "2817"]
[BlackElo "2591"]
[TimeControl "180+2"]
[EndTime "15:21:09 PDT"]
[Termination "Gabix_94 won by resignation"]

1. e4 c5 2. Nf3 e6 3. b3 a6 4. Bb2 Nc6 5. Bd3 Nf6 6. O-O Be7 7. Re1 O-O 8. Bf1 d5 9. e5 Nd7 10. c3 d4 11. Na3 b5 12. cxd4 cxd4 13. Nc2 Bb7 14.
Ncxd4 Nxd4 15. Bxd4 Nc5 16. Bc3 Nd3 17. Re3 Nf4 18.
Bb2 Rc8 19. d4 Qd5 20. g3 Ng6 21. Bg2 Rfd8 22. h4 Qd7 23. h5 Nf8 24. h6 gxh6 25. Qd2 Ng6 26. Re2 h5 27. Qh6 h4 28. Kh2 Kh8 29.
Rh1 Rg8 30. Kg1 Rg7 31. Bc1 Rc3 32. Be3 Bd5 33. Ng5 Bxg2 34. Kxg2 Qc6+ 35. f3 Kg8 36. Ne4 Rc2 37. Bd2 Kh8 38. a4 b4 39. g4 a5 40.
Rf2 Rb2 41. Rc1 Rc2 42. Rxc2 Qxc2 43. Bxb4 Qc7 44. Bxe7 Qxe7 45. Rc2 Qd8 46. Nf6 h3+ 47. Kxh3 Qb8 48. Kg3 Ne7 49. Rh2 Nf5+ 50. Kf4 Nxh6 51. Rxh6 Qxb3 52. Rh2 Qxa4 53. Ke3 Qa3+ 54. Ke4 Qc3 55.
Ra2 a4 56. Nd7 f5+ 0-1

[Event "*** Titled Tuesday Blitz"]
[Site "Chess.com"]
[Date "2019.04.02"]
[Round "6"]
[White "Hikaru"]
[Black "KenanGarayev"]
[Result "1-0"]
[WhiteElo "3176"]
[BlackElo "2759"]
[TimeControl "180+2"]
[EndTime "15:21:11 PDT"]
[Termination "Hikaru won by resignation"]

1. Nf3 Nf6 2. b3 b6 3. Bb2 Bb7 4. c4 c5 5. d4 cxd4 6. Qxd4 e6 7. Nc3 Nc6 8. Qd2 Bb4 9. Qc2 d5 10. a3 d4 11. axb4 Nxb4 12. Qc1 dxc3 13. Bxc3 Qe7 14. e3 O-O 15. Be2 Ne4 16. O-O Nxc3 17. Qxc3 Rfd8 18.
Nd4 a5 19. Rfd1 Qg5 20. Nf3 Qf6 21. Qxf6 gxf6 22. Nd4 Na6 23. Rab1 Nc5 24. b4 Ne4 25. Rdc1 e5 26. Nf5 Rd2 27. Bf3 axb4 28. Rxb4 Nc3 29.
Rf1 Bxf3 30. gxf3 e4 31. Kg2 Ra5 32. Ng3 Nd1 33. Rb3 Rb2 34. Nxe4 Rxb3 35. Rxd1 Rb4 36. Nxf6+ Kg7 37. Nd7 Rxc4 38. Nxb6 Rc2 39. Nd5 Raa2 40. Rf1 Rab2 41. Kg3 Rc5 42. e4 Rc6 43. Ne7 Rcb6 44. Rc1 Re6 45. Nf5+ Kf6 46. h4 Rb8 47. Kf4 Ra8 48.
Rc7 h5 49. Rc5 Kg6 50. Ne3 Rf6+ 51. Kg3 Re6 52. Rg5+ Kh7 53. Rxh5+ Rh6 54. Rf5 Rg8+ 55. Ng4 Ra6 56. Rxf7+ Kh8 57. h5 Ra1 58. Kf4 Rh1 59. Nf6 Rh4+ 60. Ke3 1-0

[Event "*** Titled Tuesday Blitz"]
[Site "Chess.com"]
[Date "2019.04.02"]
[Round "6"]
[White "Benek77"]
[Black "maciek_92"]
[Result "1-0"]
[WhiteElo "2654"]
[BlackElo "2667"]
[TimeControl "180+2"]
[EndTime "15:21:11 PDT"]
[Termination "Benek77 won by resignation"]

1. e4 e5 2. Nf3 Nc6 3. Bb5 a6 4. Ba4 Nf6 5. d4 b5 6. dxe5 bxa4 7. exf6 Qxf6 8. O-O Bc5 9. Nc3 a3 10. Nd5 Qd8 11. b4 Ba7 12. Bxa3 d6 13. Qd3 O-O 14. Bb2 Rb8 15. Qc3 Ne5 16. Nxe5 dxe5 17. Qxe5 f6 18. Qg3 c6 19. Ne3 Qe7 20. Nf5 Bxf5 21. exf5 Rfe8 22.
a3 Rbd8 23. c4 Bb8 24. Qf3 Rd2 25. Bc3 Qd6 26. g3 Rd3 27. Qh5 Rd8 28. Rac1 c5 29.
Rfe1 Qd7 30. bxc5 Ba7 31. Ba5 Rf8 32. Bb6 Bb8 33. Rcd1 Rxd1 34. Rxd1 Qa4 35. Qe2 h6 36. Qe6+ Kh7 37. Rd7 Qxa3 38. Kg2 Qb2 39. Rb7 Be5 40. c6 Qc2 41. Qd5 Qxf5 42. Bd4 h5 43. Re7 h4 44.
f4 h3+ 45. Kf2 Qc2+ 46. Kf3 Qxh2 47. Bxe5 Qg2+ 48. Kg4 Qxd5 49. cxd5 h2 50. Bxf6 Rxf6 51. Re1 1-0

[Event "*** Titled Tuesday Blitz"]
[Site "Chess.com"]
[Date "2019.04.02"]
[Round "6"]
[White "Paralinch"]
[Black "Ali_rastbod"]
[Result "0-1"]
[WhiteElo "2797"]
[BlackElo "2626"]
[TimeControl "180+2"]
[EndTime "15:21:13 PDT"]
[Termination "Ali_rastbod won by resignation"]

1. e4 e6 2. d4 d5 3. exd5 exd5 4. Nf3 Bd6 5. c4 Nf6 6. Nc3 O-O 7. Bg5 Re8+ 8. Be2 dxc4 9. O-O Be6 10. Ne5 c6 11. Nxc4 Bc7 12. Ne5 Nbd7 13. f4 Bb6 14. Kh1 Qc7 15. Rc1 h6 16. Bh4 Qd6 17. f5 Bd5 18.
Bg3 Qb4 19. Nxd5 cxd5 20. Bf3 Qxd4 21. Qxd4 Bxd4 22. Nxd7 Nxd7 23. Bxd5 Be5 24. Bxb7 Rab8 25. Bc6 Bxg3 26. hxg3 Red8 27. Rfd1 Ne5 28. Rxd8+ Rxd8 29. Be4 Rd2 30. Rb1 Nc4 31. Rc1 Ne5 32. Rb1 Nc4 33.
Kg1 Nxb2 34. Rc1 Rd1+ 35. Rxd1 Nxd1 36. Bc2 Nc3 37. a4 Kf8 38. Kf2 Ke7 39. Ke3 Kd6 40.
Kd4 Ne2+ 41. Kc4 Nxg3 42. Kb5 Kc7 43. Ka6 Kb8 44. Kb5 Kc7 45. a5 Ne2 46. Kc5 Nf4 47.
g3 Nh5 48. g4 Nf6 49. Bd1 Ne4+ 50. Kd4 Nd6 51. Kd5 Ne8 52. Kd4 Kd6 53. Bb3 Nf6 54.
Bd1 Nd7 55. Bb3 Ne5 56. Bd1 Nc6+ 57. Ke4 Nxa5 58. f6 gxf6 59. Kf5 Ke7 60. Ke4 Nc4 61. Kd5 Ne3+ 0-1

[Event "*** Titled Tuesday Blitz"]
[Site "Chess.com"]
[Date "2019.04.02"]
[Round "6"]
[White "suyu28"]
[Black "champ2005"]
[Result "0-1"]
[WhiteElo "2564"]
[BlackElo "2803"]
[TimeControl "180+2"]
[EndTime "15:21:14 PDT"]
[Termination "champ2005 won by resignation"]

1. d4 Nf6 2. Bg5 d5 3. Bxf6 exf6 4. e3 Bd6 5. c4 dxc4 6. Bxc4 f5 7.
Ne2 Nd7 8. Nbc3 Nf6 9. O-O O-O 10.
a3 c6 11. b4 Ne4 12. Qc2 Qh4 13. g3 Qe7 14. Bd3 Re8 15. Rad1 Bd7 16. Na4 b6 17.
Nb2 h5 18. Nc4 Bc7 19. Nf4 h4 20. Ne5 a5 21. Rfe1 axb4 22. axb4 Bd6 23. Bc4 Ng5 24.
b5 Bxe5 25. dxe5 Nf3+ 26. Kg2 Nxe1+ 27. Rxe1 cxb5 28. Bb3 Rac8 29. Qe2 Bc6+ 30. Kg1 Qb4 31. Rb1 Qe4 32. Bxf7+ Kxf7 33. Qa2+ Qc4 34. Qa1 g5 35. e6+ Rxe6 36. Nxe6 Qxe6 37. Rb4 Qd5 38. e4 fxe4 39. Rd4 Qe6 40. Qc1 e3 41. fxe3 Re8 42. e4 Bxe4 43.
Qxg5 Bf5 44. Qh5+ Kg7 45. Qg5+ Bg6 46. Rg4 Qe3+ 47. Kg2 Qxg5 48. Rxg5 hxg3 49. Kxg3 Re3+ 50. Kf4 Rb3 51. h4 Kh6 52. Re5 b4 53. Re6 Rb1 54.
Rxb6 b3 55. Kg4 b2 56. h5 Rg1+ 57. Kh4 b1=Q 0-1

[Event "*** Titled Tuesday Blitz"]
[Site "Chess.com"]
[Date "2019.04.02"]
[Round "6"]
[White "IakovUlivar"]
[Black "ChessQueen"]
[Result "1-0"]
[WhiteElo "2540"]
[BlackElo "2649"]
[TimeControl "180+2"]
[EndTime "15:21:14 PDT"]
[Termination "IakovUlivar won by resignation"]

1. e4 c5 2. Nc3 Nc6 3. g3 g6 4. Bg2 Bg7 5. d3 Rb8 6. Nge2 h5 7. h3 b5 8. Bf4 d6 9. Qd2 b4 10. Nd1 e5 11. Bg5 Nge7 12. O-O Be6 13. Kh2 Qd7 14. b3 f6 15. Be3 g5 16. Nb2 Ng6 17. Nc4 h4 18. g4 Bf8 19. a4 d5 20. exd5 Bxd5 21. Bxd5 Qxd5 22. Ng1 Be7 23. Qe2 O-O 24. Qf3 Rfd8 25.
Qxd5+ Rxd5 26. Nf3 Nd8 27. Nfd2 Ne6 28. Ne4 Kf7 29.
Rae1 Rbd8 30. f3 R8d7 31. Rf2 Bd8 32. Rff1 Bc7 33. Rf2 Ne7 34. Rfe2 Kg6 35. Rg2 Nc6 36. Bc1 Ncd4 37. Rf1 Rg7 38. Ne3 Rd8 39. Nc4 f5 40.
gxf5+ Kxf5 41. Be3 Nf4 42. Bxf4 exf4 43. Ncd2 Nxc2 44.
Rfg1 Rdg8 45. Rc1 Nd4 46. Rxc5+ Ke6 47. Rgxg5 Rxg5 48. Nxg5+ Kd7 49. Rd5+ Kc6 50. Rxd4 Rxg5 51. Ne4 Rd5 52. Rc4+ Kd7 53. Nf6+ 1-0

[Event "*** Titled Tuesday Blitz"]
[Site "Chess.com"]
[Date "2019.04.02"]
[Round "6"]
[White "Gordima"]
[Black "Andrjywa"]
[Result "1-0"]
[WhiteElo "2727"]
[BlackElo "2524"]
[TimeControl "180+2"]
[EndTime "15:21:16 PDT"]
[Termination "Gordima won by resignation"]

1. Nf3 c5 2. c4 g6 3. e4 Bg7 4.
d4 cxd4 5. Nxd4 Nc6 6. Be3 Nf6 7.
Nc3 d6 8. Be2 O-O 9. O-O Nxd4 10. Bxd4 Be6 11. f4 Rc8 12. b3 a6 13. Rc1 Qa5 14. Qd3 Nd7 15. Bxg7 Kxg7 16. f5 Ne5 17.
Qe3 Bd7 18. Nd5 Qc5 19. Qxc5 Rxc5 20. Nxe7 f6 21. Rcd1 Re8 22. Nd5 gxf5 23. exf5 b5 24. b4 Rcc8 25. Nb6 Rc7 26. Nxd7 Nxd7 27. Bh5 Re5 28. cxb5 Rxb5 29. Rxd6 Rxb4 30. Rxa6 Rb2 31. Bf3 Ne5 32. Ba8 Rcc2 33. a4 Ra2 34. Rb1 Rcb2 35. Rxb2 Rxb2 36. h3 Ra2 37. a5 Nc4 38. Ra7+ Kh6 39. a6 Nd6 40. g4 Nb5 41. Rb7 Rxa6 42. Rxb5 Rxa8 43. Rb7 Ra2 44. Rf7 Kg5 45. Rxh7 Kf4 46.
Kf1 Kf3 47. Ke1 Re2+ 48. Kd1 Rh2 49. Rh6 Kf4 50. Rxf6 Rxh3 51. Rg6 Ke5 52. f6 Rf3 53. g5 Ke6 54. Rg7 Rf2 55. Ke1 Rf5 56. Ke2 1-0

[Event "*** Titled Tuesday Blitz"]
[Site "Chess.com"]
[Date "2019.04.02"]
[Round "6"]
[White "penguingm1"]
[Black "VitaliyBernadskiy"]
[Result "0-1"]
[WhiteElo "2945"]
[BlackElo "2740"]
[TimeControl "180+2"]
[EndTime "15:21:17 PDT"]
[Termination "VitaliyBernadskiy won by resignation"]

1. d4 d5 2. Bf4 e6 3. e3 Ne7 4. c4 Nbc6 5. Nc3 a6 6. Nf3 g6 7. h4 h6 8. a3 Bg7 9. Qc2 O-O 10. Be2 b6 11. O-O Bb7 12. cxd5 exd5 13. Bd3 Qd7 14. Rac1 Rac8 15. Rfe1 Rfe8 16. b4 Nd8 17. Ne5 Qe6 18.
Bh2 c5 19. bxc5 bxc5 20. Qa4 Ndc6 21. Nf3 cxd4 22. exd4 Qg4 23. Ne2 Nf5 24. Rb1 Ncxd4 25. Nexd4 Rxe1+ 26. Nxe1 Nxd4 27. Kh1 Bc6 28. Qxa6 Ra8 29.
Qb6 Rxa3 30. Qd8+ Kh7 31. f3 Qe6 32. Qd6 Qxd6 33. Bxd6 Ra2 34. Rc1 Bb5 35. Bb1 Ra6 36. Bc5 Nb3 37. Rd1 Nxc5 38. Rxd5 Ra1 39. Rxc5 Rxb1 40. Kh2 Bf8 41. Rd5 Bc6 42. Rd8 Be7 43.
Rc8 Rxe1 44. Rxc6 Bxh4 45. Rc7 Kg7 46. g3 Bf6 47. Kh3 h5 48. Rc6 Re3 49. Kg2 h4 50. gxh4 Bxh4 51. Kh3 Bf6 52. Kg4 Re5 53. f4 Re1 54.
Rc7 Re4 55. Kf3 Ra4 56. Rb7 Bc3 57. Rb5 Bd2 58. f5 Rf4+ 59. Ke2 Rxf5 60. Rxf5 gxf5 61. Kxd2 Kf6 62. Ke3 Kg5 63. Kf3 f4 64. Kf2 Kg4 65. Kg2 f3+ 66. Kf2 Kf4 67. Kf1 Kg3 68. Kg1 f2+ 69. Kf1 f6 0-1

[Event "*** Titled Tuesday Blitz"]
[Site "Chess.com"]
[Date "2019.04.02"]
[Round "6"]
[White "wonderfultime"]
[Black "INDIAN-ELEPHANT"]
[Result "1-0"]
[WhiteElo "2911"]
[BlackElo "2722"]
[TimeControl "180+2"]
[EndTime "15:21:20 PDT"]
[Termination "wonderfultime won by checkmate"]

1. d4 Nf6 2. Nf3 e6 3. Bf4 c5 4. c3 Nc6 5. e3 Qb6 6. Qc2 Nh5 7. Bg3 d5 8. Nbd2 Bd7 9. Rd1 Rc8 10. Qb1 Nxg3 11.
hxg3 g6 12. Be2 Bg7 13. Nb3 cxd4 14. exd4 O-O 15. O-O Rfd8 16. Rfe1 a5 17. Nc5 Be8 18. Nd3 a4 19. a3 Na5 20. Nde5 Bb5 21. Bxb5 Qxb5 22.
Rd2 Nc4 23. Nxc4 Rxc4 24. Rde2 Rdc8 25. g4 h6 26. Qd1 R4c6 27. Qd2 Rb6 28. Qf4 g5 29.
Qd2 Qc4 30. Nh2 Bf8 31. g3 Qc7 32. Kg2 Rc6 33. Nf3 Bg7 34. Ng1 b5 35. Re3 Qd8 36.
Rd3 Rc4 37. Ne2 Qd7 38. f3 f6 39. Rd1 Qf7 40. Re3 R4c6 41. Nc1 h5 42. gxh5 Qxh5 43.
Qe2 Qf7 44. Qxb5 Rc4 45. Nd3 Bf8 46. Rde1 R8c6 47. Nc5 R6xc5 48. dxc5 Rxc5 49. Qxa4 e5 50. Qg4 Rc4 51. Qf5 d4 52. cxd4 Rxd4 53. R3e2 Rd6 54. Rc1 Qb7 55. Qg6+ Bg7 56. Rec2 Rd8 57. Rc7 Rd2+ 58.
Kh3 g4+ 59. Qxg4 Qxb2 60. Qxg7# 1-0

[Event "*** Titled Tuesday Blitz"]
[Site "Chess.com"]
[Date "2019.04.02"]
[Round "6"]
[White "VFernandezB"]
[Black "mjray79"]
[Result "1/2-1/2"]
[WhiteElo "2249"]
[BlackElo "2192"]
[TimeControl "180+2"]
[EndTime "15:21:22 PDT"]
[Termination "Game drawn - insufficient material"]

1. d4 Nf6 2. Nf3 g6 3. c4 Bg7 4. g3 d6 5. Bg2 O-O 6. O-O Nbd7 7. Nc3 e5 8. e4 c6 9. h3 Qa5 10. Be3 exd4 11. Nxd4 Nb6 12. Nb3 Qh5 13. Bxb6 axb6 14. Qxh5 Nxh5 15. Rfd1 Be6 16. Bf1 Bxc3 17.
bxc3 Rfd8 18. Rd2 b5 19. Rad1 bxc4 20. Nd4 d5 21. Nxe6 fxe6 22. Bxc4 Nf6 23. exd5 exd5 24.
Bb3 Ne4 25. Rd3 Kg7 26. c4 Rf8 27. f4 Nc5 28. Re3 Nxb3 29. axb3 dxc4 30. bxc4 Rf7 31.
Rb3 Rb8 32. Rdb1 Kf6 33. Rb6 Rc7 34. Kf2 Ke6 35. Rd1 Rd7 36. Rxd7 Kxd7 37. Rb1 b5 38.
cxb5 cxb5 39. Ke3 Kd6 40. Kd4 Kc6 41. Ke5 Re8+ 42. Kf6 Re3 43. Rg1 b4 44. Kg7 Re7+ 45. Kh6 Rb7 46. g4 b3 47. h4 b2 48. g5 Kd6 49. h5 gxh5 50. Rb1 h4 51. f5 h3 52. g6 hxg6 53. fxg6 h2 54. g7 h1=Q+ 55. Rxh1 b1=Q 56.
Rxb1 Rxb1 57. g8=Q Rh1+ 58. Kg7 Rg1+ 59. Kf8 Rxg8+ 60.
Kxg8 1/2-1/2

[Event "*** Titled Tuesday Blitz"]
[Site "Chess.com"]
[Date "2019.04.02"]
[Round "6"]
[White "norwaytoadog"]
[Black "Orest_Vovk"]
[Result "1-0"]
[WhiteElo "2243"]
[BlackElo "2327"]
[TimeControl "180+2"]
[EndTime "15:21:26 PDT"]
[Termination "norwaytoadog won on time"]

1. e4 g5 2. d4 Bg7 3. Be3 c5 4. c3 Qb6 5. Qd2 cxd4 6. cxd4 Nc6 7. Ne2 d5 8. Nbc3 dxe4 9. d5 Qc7 10. dxc6 bxc6 11.
Rc1 Nf6 12. Bxg5 O-O 13. Bh6 Bxh6 14. Qxh6 Rd8 15. Ng3 Rb8 16. Bc4 Rxb2 17. O-O Qe5 18. Bb3 Ng4 19. Qh5 Qf4 20. Ncxe4 Rxb3 21. axb3 Rd5 22. Qh4 f5 23. Qg5+ Qxg5 24. Nxg5 f4 25. N3e4 Bf5 26. Rfe1 h6 27. Nh3 e5 28. f3 Ne3 29. Nf6+ Kf7 30. Nxd5 cxd5 31. Rc7+ Ke6 32. Nf2 d4 33. Rxa7 d3 34. Ra2 Kd5 35. Rb2 Kd4 36. Rc1 Nd5 37. b4 Nc3 38. Rxc3 Kxc3 39. Rb1 d2 40.
Rd1 Bc2 41. b5 Ba4 42. b6 Bc6 43. g3 Bxf3 44. Rb1 Kc2 45. b7 Bxb7 46. Rxb7 e4 47.
Rc7+ Kb2 48. Rd7 e3 49. Kf1 exf2 50. Kxf2 fxg3+ 51. hxg3 Kc1 52. Ke2 d1=Q+ 53. Rxd1+ 1-0

[Event "*** Titled Tuesday Blitz"]
[Site "Chess.com"]
[Date "2019.04.02"]
[Round "6"]
[White "WPWPWP-2015"]
[Black "MathiasWomacka"]
[Result "0-1"]
[WhiteElo "2359"]
[BlackElo "2267"]
[TimeControl "180+2"]
[EndTime "15:21:36 PDT"]
[Termination "MathiasWomacka won on time"]

1. e4 c5 2. Nf3 d6 3. Bb5+ Nd7 4. O-O a6 5. Bd3 Ngf6 6. c3 b5 7. Re1 Bb7 8. a4 c4 9. Bc2 Nc5 10. e5 dxe5 11. Nxe5 e6 12. d4 cxd3 13. Nxd3 Qd5 14.
Nf4 Qxd1 15. Rxd1 Nxa4 16. Bxa4 bxa4 17. Rxa4 Bc5 18. b4 Bb6 19. Nd2 O-O-O 20. Rf1 e5 21. Nc4 Bc7 22. Ne2 Bc6 23. Nb2 Bxa4 24. Nxa4 Nd5 25.
Ng3 Nf4 26. Be3 g6 27. Ne4 f5 28. Nec5 Nd3 29. Nxa6 f4 30. Bc1 Kb7 31. N6c5+ Kc6 32. Ne4 Kb5 33. Nac5 Nxc5 34. Nxc5 Bb6 35. Ne4 Rd3 36.
g3 Rhd8 37. gxf4 exf4 38. Bxf4 Rf8 39. Bg3 h6 40. Nd6+ Kc6 41. Nc4 Rxc3 42. Ne5+ Kb5 43. Nxg6 Rf5 44. Ne7 Rg5 45. Re1 Rc2 46. Kf1 Rxg3 47.
Re5+ Kxb4 48. fxg3 Rf2+ 49. Ke1 Rxh2 50. Nd5+ Kc5 51.
Nf4+ Kc4 52. Re6 Bd4 0-1

[Event "*** Titled Tuesday Blitz"]
[Site "Chess.com"]
[Date "2019.04.02"]
[Round "6"]
[White "scaryninja"]
[Black "GMJimKnopf"]
[Result "1-0"]
[WhiteElo "2483"]
[BlackElo "2563"]
[TimeControl "180+2"]
[EndTime "15:21:37 PDT"]
[Termination "scaryninja won by resignation"]

1. d4 Nf6 2. Bf4 g6 3. Nc3 Bg7 4. e4 d5 5. e5 Nh5 6. Be3 Bf8 7.
Be2 Ng7 8. Nf3 Bg4 9. h3 Bxf3 10.
Bxf3 e6 11. g4 h5 12. Qd2 Nd7 13. O-O-O Nb6 14. b3 Qe7 15. Kb1 a5 16. a4 Qd7 17.
Qd3 Bb4 18. Ne2 Be7 19. Nf4 h4 20. Bc1 c5 21. dxc5 Bxc5 22. Be3 Rc8 23. Bxc5 Rxc5 24.
Qd4 Qc7 25. Nd3 Rc3 26. Rd2 O-O 27. Bd1 Rc8 28. Nc1 Nd7 29. Na2 Rc5 30. f4 b5 31.
axb5 Rxb5 32. Re1 a4 33. Re3 Nc5 34. b4 Ne4 35. Rxe4 dxe4 36. Qxe4 g5 37. Be2 Rd5 38.
Rxd5 exd5 39. Qd3 gxf4 40. Bf3 Qxe5 41. Qxd5 Qe1+ 42. Qd1 Qe3 43. c3 a3 44. b5 Ne6 45.
Bc6 Qf2 46. Qc1 f3 47. Nb4 Qe2 48. Nd5 Qb2+ 49. Qxb2 axb2 50. Ne7+ Kf8 51. Nxc8 Ng5 52. Bxf3 Nxf3 53. b6 Nd2+ 54. Kxb2 Nc4+ 55. Kb3 Na5+ 56. Ka4 Nb7 57. Kb5 Ke8 58. Kc6 Na5+ 59. Kc7 f6 60. b7 Nxb7 61. Kxb7 Kf7 62. c4 Ke6 63. c5 Ke5 64. c6 f5 65. gxf5 Kxf5 66. c7 Kf4 67.
Nd6 Kg3 68. c8=Q 1-0